 Dungeon Crawl Stone Soup version 0.19.0-16-g73b5abf (webtiles) character file.

84 Delusion the Sneak (level 4, -7/33 HPs)
             Began as a Vampire Assassin on Nov 10, 2016.
             Mangled by a worm (9 damage)
             ... on level 2 of the Dungeon.
             The game lasted 00:13:10 (3070 turns).

Delusion the Sneak (Vampire Assassin)               Turns: 3070, Time: 00:13:11

Health: -7/33      AC:  3    Str: 11    XL:     4   Next: 24%
Magic:  4/4        EV: 12    Int: 13    God:
Gold:   86         SH:  0    Dex: 15    Spells: 0 memorised, 3 levels left

rFire  . . .     SeeInvis +     a - +2 dagger
rCold  + . .     Gourm    +     c - +0 robe
rNeg   + + .     Faith    .     (no shield)
rPois  +         Spirit   .     (no helmet)
rElec  .         Reflect  .     d - +0 cloak
rCorr  .         Harm     .     (no gloves)
MR     .....                    (no boots)
Stlth  +++++.....               m - amulet of the gourmand
                                (no ring)
                                (no ring)

@: regenerating slowly
A: fangs 3, see invisible, unbreathing
a: Bat Form


You were on level 2 of the Dungeon.
You were thirsty.

You visited 1 branch of the dungeon, and saw 2 of its levels.

You collected 86 gold pieces.

Inventory:

Hand Weapons
 a - a +2 dagger (weapon)
 b - a +0 blowgun
 k - a +0 dagger
 n - a +0 short sword
 o - a +0 club
 q - a +0 dagger
 s - a +0 dagger
 t - a cursed -3 club
 x - a +0 club
 y - a +0 dagger
 z - a +0 short sword
Missiles
 e - 20 poisoned needles
 f - 2 curare-tipped needles
 i - 47 stones (quivered)
 u - 24 bolts
Armour
 c - a +0 robe (worn)
 d - a +0 cloak (worn)
Jewellery
 m - an amulet of the gourmand (around neck)
Scrolls
 j - 3 scrolls of remove curse
 l - a scroll of noise
 p - 2 scrolls of amnesia
 r - 3 scrolls of blinking
 w - 2 scrolls of identify
Potions
 g - 13 potions of blood
 v - a potion of invisibility
Comestibles
 h - 4 bread rations


   Skills:
 + Level 1.8 Fighting
 * Level 3.1 Short Blades
 - Level 1.6 Throwing
 * Level 1.8 Dodging
 * Level 7.5 Stealth
 * Level 0.7 Unarmed Combat


You had 3 spell levels left.
You didn't know any spells.

Dungeon Overview and Level Annotations

Branches:
Dungeon (2/15)

Altars:
Trog
Xom


Innate Abilities, Weirdness & Mutations

You heal slowly.
You have razor-sharp teeth.
You have supernaturally acute eyesight. (SInv)
You can survive without breathing.


Message History

You hit the rat.
The rat is severely wounded.
The rat bites you. x2
You hit the rat.
You kill the rat!
You hit the worm but do no damage. The worm bites you!
You completely miss the worm. The worm bites you but does no damage.
The worm is no longer berserk.
The worm bites you!
* * * LOW HITPOINT WARNING * * *
You hit the worm. You bite the worm, but do no damage.
The worm is moderately wounded.
You hit the worm.
The worm is moderately wounded.
The worm bites you.
* * * LOW HITPOINT WARNING * * *
You hit the worm but do no damage.
The worm is moderately wounded.
The worm bites you!
You die...

.# ##)...#....# .#
#.)..###...#### .#
#)._.#y#...†..#
.####....###...##.#
....##.w..#....##w#
######)........##.#
#######.......##..#
......###....###w##
####### ######..@#
# #.### # #.# #####
#.# ....# #.# ###.#
#.# #.# #.# #.# #.#
##.##########.#


You could see 2 worms.

Vanquished Creatures
  2 adders (D:2)
  An ooze (D:1)
  A worm (D:1)
  2 dart slugs (D:1)
  5 leopard geckos
  4 bats (D:1)
  4 giant cockroaches
  7 goblins
  3 hobgoblins
  2 jackals (D:1)
  3 kobolds
  4 ball pythons (D:2)
  2 frilled lizards (D:2)
  10 rats
50 creatures vanquished.

Notes
Turn   | Place    | Note
-------+----------+-------------------------------------------
     0 | D:1      | Delusion the Vampire Assassin began the quest for the Orb.
     0 | D:1      | Reached XP level 1. HP: 16/16 MP: 1/1
    21 | D:1      | Reached skill level 6 in Stealth
   414 | D:1      | Reached XP level 2. HP: 21/22 MP: 2/2
  1244 | D:1      | Reached XP level 3. HP: 14/27 MP: 3/3
  1416 | D:1      | Reached skill level 7 in Stealth
  2353 | D:2      | Found a shimmering altar of Xom.
  2390 | D:2      | Reached XP level 4. HP: 21/33 MP: 4/4
  3031 | D:2      | Noticed a moth of wrath
  3033 | D:2      | Found a bloodstained altar of Trog.
  3070 | D:2      | Mangled by a worm

Skill      XL: |  1  2  3 |
---------------+----------+-----
Stealth        | 6 7 |  7.5
Short Blades   | 3 |  3.1
Fighting       | |  1.8
Throwing       | |  1.6
Dodging        | |  1.8
Unarmed Combat | |  0.7

Action                   |  1- 3 |  4- 6 || total
-------------------------+-------+-------++-------
Melee: Dagger            |   123 |    41 ||   164
       Bite              |     5 |     5 ||    10
  Use: Scroll            |     7 |       ||     7
       Potion            |     3 |     3 ||     6
 Stab: Sleeping          |     8 |       ||     8
       Distracted        |     2 |       ||     2
Armor: Robe              |    29 |     9 ||    38
Dodge: Dodged            |    82 |    23 ||   105
